Map: Catalyst LE

Players

Guru - Winner!

  • Race: Zerg Zerg
  • Spawn Location: 11:00

Holly

  • Race: Protoss Protoss
  • Spawn Location: 5:00

Event: WCS Leipzig 2018

VOD

Have the link to the VOD?

Description

Time

  • Played on: Jan. 26, 2018, 6:36 a.m.
  • Length: 7:07

All games in this series

Show
View Real Time Build Order
Export as new Build Order

Guru Zerg - Winner!

Build Orders: Pool First 

Get SALT Encoding   

  12  0:01  Drone  
  13  0:13  Overlord  
  13  0:17  Drone  
  14  0:32  Drone  
  14  0:33  Drone  
  16  0:41  Spawning Pool  
  15  0:44  Drone  
  16  0:52  Drone  
  17  1:12  Hatchery  
  17  1:16  Drone  
  17  1:17  Extractor  
  16  1:28  Queen  
  16  1:29  Zergling x2  
  16  1:31  Zergling x2  
  20  1:36  Drone  
  21  1:42  Overlord  
  21  1:53  Drone  
  22  2:03  Drone  
  22  2:05  Queen  
  25  2:16  Metabolic Boost  
  25  2:21  Drone  
  26  2:25  Queen  
  28  2:31  Overlord  
  28  2:39  Drone x3  
  28  2:43  Drone  
  32  2:45  Drone  
  33  2:53  Drone x2  
  33  2:54  Drone  
  35  3:12  Lair  
  35  3:13  Zergling x4  
  35  3:14  Drone  
  35  3:15  Drone x2  
  35  3:16  Drone  
  41  3:20  Drone  
  41  3:21  Drone  
  43  3:28  Overlord  
  43  3:34  Overlord  
  43  3:39  Overlord  
  43  3:47  Spore Crawler  
  42  3:50  Drone  
  42  3:52  Hatchery  
  42  3:53  Drone x2  
  44  3:56  Spore Crawler  
  44  4:01  Drone x3  
  46  4:06  Drone x2  
  46  4:07  Drone  
  48  4:12  Drone  
  49  4:18  Hydralisk Den  
  49  4:20  Extractor x2  
  49  4:23  Drone x2  
  48  4:26  Drone  
  48  4:29  Drone x4  
  53  4:34  Drone  
  53  4:36  Overlord  
  54  4:42  Overlord  
  54  4:51  Overlord  
  54  4:57  Hydralisk x2  
  58  5:00  Hydralisk  
  58  5:02  Hydralisk x2  
  58  5:03  Hydralisk  
  58  5:06  Hydralisk  
  66  5:10  Hydralisk  
  66  5:13  Zergling x6  
  66  5:14  Zergling x2  
  74  5:15  Hydralisk  
  76  5:24  Hydralisk  
  78  5:31  Zergling x2  
  78  5:32  Zergling x8  
  78  5:34  Zergling x2  
  84  5:40  Hatchery  
  82  5:43  Muscular Augments  
  82  5:46  Zergling x8  
  82  5:48  Zergling x2  
  87  5:50  Zergling x4  
  87  5:52  Zergling x2  
  87  5:53  Zergling x2  
  87  5:55  Zergling x2  
  92  5:58  Zergling x2  
  92  6:00  Zergling x2  
  92  6:01  Zergling x4  
  92  6:03  Zergling x2  
  97  6:07  Zergling x2  
  95  6:12  Zergling x4  
  95  6:27  Zergling x8  
  95  6:28  Zergling x2  
  94  6:34  Hydralisk x3  
  94  6:35  Hydralisk  
  94  6:39  Zergling x2  
  97  6:42  Overlord x2  
  96  6:47  Zergling x2  
Show
View Real Time Build Order
Export as new Build Order

Holly Protoss 

Build Orders: 1 Gate Expand, Oracle Opening 

Get SALT Encoding   

  12  0:00  Probe  
  13  0:13  Probe  
  14  0:23  Pylon  
  14  0:25  Probe  
  15  0:41  Probe (Chrono Boost), Gateway  
  16  0:50  Assimilator  
  16  0:52  Probe (Chrono Boost)  
  17  0:57  Probe (Chrono Boost)  
  18  1:07  Probe  
  19  1:19  Probe  
  20  1:28  Nexus  
  20  1:37  Cybernetics Core  
  20  1:42  Zealot (Chrono Boost)  
  22  1:53  Pylon  
  22  1:54  Probe  
  23  2:06  Assimilator  
  23  2:11  Probe  
  23  2:13  Adept (Chrono Boost)  
  23  2:14  Warp Gate  
  26  2:23  Probe  
  27  2:35  Probe  
  28  2:41  Probe  
  28  2:42  Stargate  
  29  2:48  Probe (Chrono Boost)  
  30  2:53  Probe (Chrono Boost)  
  31  3:05  Probe (Chrono Boost)  
  33  3:06  Probe (Chrono Boost)  
  33  3:10  Probe (Chrono Boost)  
  33  3:12  Probe (Chrono Boost)  
  35  3:19  Probe  
  36  3:22  Oracle (Chrono Boost)  
  36  3:24  Probe  
  41  3:27  Adept  
  41  3:31  Probe  
  42  3:36  Probe  
  43  3:43  Probe, Gateway  
  43  3:46  Pylon  
  43  3:48  Probe  
  45  3:52  Pylon  
  45  3:56  Probe  
  45  4:02  Assimilator  
  46  4:04  Probe, Assimilator, Phoenix  
  46  4:08  Probe  
  50  4:10  Robotics Facility  
  50  4:16  Probe  
  51  4:17  Twilight Council  
  51  4:20  Probe  
  52  4:28  Probe  
  53  4:32  Probe  
  54  4:42  Probe  
  55  4:51  Probe  
  55  4:54  Probe, Sentry x2  
  55  4:55  Resonating Glaives (Chrono Boost), Warp Prism (Chrono Boost)  
  62  5:05  Gateway  
  62  5:08  Gateway  
  62  5:09  Gateway  
  62  5:10  Pylon x2  
  62  5:20  Immortal (Chrono Boost)  
  62  5:21  Nexus  
  62  5:24  Pylon  
  62  5:35  Sentry x2  
  70  5:53  Gateway  
  70  5:54  Gateway  
  70  5:56  Gateway  
  70  5:57  Immortal (Chrono Boost)  
  70  6:03  Sentry x2  
  78  6:11  Adept x2  
  80  6:13  Adept  
  81  6:30  Adept x2  
  73  6:37  Pylon  
  73  6:39  Adept x3  
  69  6:51  Adept x2  
  69  6:52  Adept  
  75  6:59  Adept x2  
Tags
 
Add a new tag
Caveats
  • Supply blocks, unpowered buildings, or Contaminate may cause inaccurate times.
  • Supply counts are checked every 10 seconds.